 Dungeon Crawl Stone Soup version 0.30-a0-879-ga8ba668304 (webtiles) character file.

Game seed: 668292006106071821

23 Indecide the Sneak (level 2, 19/19 HPs)
             Began as an Octopode Brigand on Mar 12, 2023.
             Quit the game on level 4 of the Dungeon.
             The game lasted 00:11:24 (1114 turns).

Indecide the Sneak (Octopode Brigand)               Turns: 1114, Time: 00:11:24

Health: 19/19      AC:  1    Str: 10    XL:     2   Next: 95%
Magic:  2/2        EV: 12    Int: 13    God:
Gold:   55         SH:  0    Dex: 13    Spells: 1/1 levels left

rFire   + . .      SeeInvis .    j - +4 dagger
rCold   . . .      Faith    .    (no shield)
rNeg    . . .      Spirit   .    (helmet restricted)
rPois   .          Reflect  .    (no amulet)
rElec   .          Rampage  .    m - ring of protection from fire
rCorr   .                        (no ring)
Will    .....                    (no ring)
Stlth   ++++                     (no ring)
HPRegen 0.23/turn                (no ring)
MPRegen 0.08/turn                (no ring)
                                 (no ring)
                                 (no ring)

@: no status effects
A: almost no armour, amphibious, 8 rings, camouflage 1, gelatinous body 1,
(nimble swimmer 1), tentacles
a: no special abilities


You were on level 4 of the Dungeon.
You visited 1 branch of the dungeon, and saw 3 of its levels.

You collected 55 gold pieces.

Inventory:

Hand Weapons
 a - a +2 dagger
 d - a +0 short sword
 g - a +0 mace
 j - a +4 dagger (weapon)
 k - a +0 sling
 n - a +1 dagger of holy wrath
Missiles
 b - 10 poisoned darts (quivered)
 c - 3 curare-tipped darts
 e - 10 stones
Jewellery
 m - a ring of protection from fire (left tentacle)
Scrolls
 f - a scroll of fog {unknown}
 h - a scroll of noise {unknown}
 l - a scroll of teleportation {unknown}
 o - a scroll of acquirement {unknown}
Potions
 i - a potion of invisibility {unknown}


   Skills:
 + Level 2.1 Fighting
 + Level 2.1 Short Blades
 + Level 2.2 Throwing
 + Level 1.0 Dodging
 + Level 6.2 Stealth


You had one spell level left.
You didn't know any spells.
Your spell library was empty.

Dungeon Overview and Level Annotations

Branches:
Dungeon (2/15)             Temple (0/1) D:4

Altars:


Innate Abilities, Weirdness & Mutations

You cannot wear most types of armour.
You are amphibious.
You can wear up to eight rings at the same time.
Your skin changes colour to match your surroundings (Stealth+).
Your rubbery body absorbs attacks. (AC +1, EV +1)
((You are camouflaged when in or above water. (Stealth+)))
You have tentacles for arms and can constrict up to eight enemies at once.


Message History

Press: ? - help, Dir - move target, f/p - endoplasm
Aim: an endoplasm (lightly wounded, very poisoned, about 12% to evade your +4 dagger)
You puncture the endoplasm!
You kill the endoplasm!
b - 6 poisoned darts (gained 1)
b - 7 poisoned darts (gained 1)
b - 8 poisoned darts (gained 1)
b - 10 poisoned darts (gained 2)
A frilled lizard comes into view.
Hit: j) +4 dagger
Press: ? - help, Dir - move target, f - frilled lizard
Aim: a frilled lizard (asleep, about 2% to evade your +4 dagger)
The helpless frilled lizard fails to defend itself.
You impale the frilled lizard!!
You kill the frilled lizard!
You see here a frilled lizard corpse.
Done exploring.
There is a stone staircase leading down here.
You climb downwards.
There is a stone staircase leading up here.
There is a shaft here.
A sourceless malevolence fills the Dungeon...
You fall into a shaft and drop 2 floors!
The shaft crumbles and collapses.
Found 15 gold pieces.
You now have 55 gold pieces (gained 15).
You open the door.
Found a leather armour.
Found a leather armour.
There is an open door here.
You open the door.
There is an open door here.
You open the door.
There is an open door here.
Found a dagger.
You open the door.
Found a stone staircase leading up.
There is an open door here.
Found a staircase to the Ecumenical Temple.
Are you sure you want to abandon this character and quit the game? (Confirm with "yes".)

>..... ....# .⌠..#
... ...
.##.##.#####
....#......#
....#<@....#
#####....#..##..#
######........##'#
#
..............#..#
..............+..#
..............#..#
......#########..#
##....'..........#
.#....#..........#


There were no monsters in sight!

Vanquished Creatures
  4 endoplasms (D:1)
  A giant cockroach (D:1)
  A goblin (D:1)
  5 hobgoblins (D:1)
  A kobold (D:1)
  A quokka (D:1)
  3 ball pythons (D:1)
  A bat (D:1)
  A frilled lizard (D:1)
  A rat (D:1)
19 creatures vanquished.

Vanquished Creatures (others)
  A fungus (D:1)
  6 plants (D:1)
7 creatures vanquished.

Grand Total: 26 creatures vanquished

Notes
Turn   | Place    | Note
-------+----------+-------------------------------------------
     0 | D:1      | Indecide the Octopode Brigand began the quest for the Orb.
     0 | D:1      | Reached XP level 1. HP: 14/14 MP: 1/1
   294 | D:1      | Reached XP level 2. HP: 11/19 MP: 2/2
   481 | D:1      | Reached skill level 6 in Stealth
  1044 | D:2      | You fall into a shaft and drop 2 floors!
  1113 | D:4      | Found a staircase to the Ecumenical Temple.
  1114 | D:4      | Quit the game

Illustrated notes

Levels and vault maps discovered:
D:1:      lemuel_arrival_muddy, layout_loops_ring, minmay_hexomino_p4
D:2:      kennysheep_the_goblin_king, layout_loops_ring,
          ebering_ecumenical_altar_box, feat_on_display
D:4:      layout_gridville, minmay_temple_entry_large_hall, minmay_cupped

Skill      XL: |  1  2 |
---------------+-------+-----
Stealth        | 6 |  6.2
Fighting       | |  2.1
Short Blades   | |  2.1
Throwing       | |  2.2
Dodging        | |  1.0

Action                     || total
---------------------------++-------
  Melee: Dagger            ||    31
         Constrict         ||    10
         Tentacles         ||     5
         Short sword       ||     8
         Punch             ||     1
  Throw: Dart              ||    47
   Stab: Sleeping          ||     1
 Armour: Skin              ||     1
  Dodge: Dodged            ||     8

Table legend: (Time is in decaauts)
 A = Elapsed time spent in this place.
 B = Non-inter-level travel time spent in this place.
 C = Inter-level travel time spent in this place.
 D = Time resting spent in this place.
 E = Time spent auto-exploring this place.
 F = Levels seen in this place.
 G = Mean time per level.
                   A        B        C        D        E       F      G
               +--------+--------+--------+--------+--------+-----+--------+
         Total |   1102 |   1102 |      0 |    106 |    272 |   3 |  367.3 |
       Dungeon |   1102 |   1102 |      0 |    106 |    272 |   3 |  367.3 |
               +--------+--------+--------+--------+--------+-----+--------+

Top non-repeatable levels by time:
     D:1: 993 daAuts
     D:4: 69 daAuts
     D:2: 39 daAuts
